 Dungeon Crawl Stone Soup version 0.31.0-4-g52a2dc7128 (webtiles) character file.

Game seed: 13560779922207295618

137 shadowrider38 the Covered (level 5, -2/46 HPs)
             Began as a Minotaur Fighter on Jan 22, 2024.
             Slain by a gnoll
             ... wielding a +0 halberd
              (14 damage)
             ... on level 3 of the Dungeon.
             The game lasted 00:00:58 (2027 turns).

shadowrider38 the Covered (Minotaur Fighter)        Turns: 2027, Time: 00:00:58

Health: -2/46      AC:  7    Str: 23    XL:     5   Next: 0%
Magic:  4/4        EV:  9    Int:  5    God:
Gold:   69         SH:  4    Dex:  9    Spells: 4/4 levels left

rFire   . . .        a - +0 war axe
rCold   . . .        c - +0 buckler
rNeg    . . .        b - +0 scale mail
rPois   .            (helmet restricted)
rElec   .            (no cloak)
rCorr   .            (no gloves)
SInv    .            (no boots)
Will    .....        (no amulet) Stlth
                     (no ring)
HPRegen 0.27/turn    (no ring)
MPRegen 0.09/turn

%: no passive effects
@: no status effects
A: horns 2, retaliatory headbutt
a: no special abilities


You were on level 3 of the Dungeon.
You visited 1 branch of the dungeon, and saw 3 of its levels.

You collected 69 gold pieces.

Inventory:

Hand Weapons
 a - a +0 war axe (weapon)
Missiles
 J - 5 atropa-tipped darts
Armour
 b - a +0 scale mail (worn)
 c - a +0 buckler (worn)
Jewellery
 e - a +6 ring of strength
Scrolls
 f - 2 scrolls of fear {unknown}
 g - 3 scrolls of identify {unknown}
 h - a scroll of poison {unknown}
 k - a scroll of vulnerability {unknown}
 l - a scroll of immolation {unknown}
Potions
 d - a potion of might
 i - a potion of curing {unknown}
 j - a potion of lignification {unknown}
 m - 2 potions of resistance {unknown}


   Skills:
 + Level 4.3 Fighting
 * Level 4.2 Axes
 + Level 4.3 Armour
 + Level 4.2 Shields
 + Level 1.2 Shapeshifting


You had 4 spell levels left.
You didn't know any spells.
Your spell library contained the following spells:

 Spells                   Type           Power      Damage    Failure   Level
 Ensorcelled Hibernation  Hex/Ice        0%         N/A       94%         2
 Fugue of the Fallen      Necr           0%         N/A       99%         3
 Anguish                  Hex/Necr       0%         N/A       100%        4


Dungeon Overview and Level Annotations

Branches:
Dungeon (3/15) Zot: 15923

Altars:


Innate Abilities, Weirdness & Mutations

You have a pair of horns on your head.
You reflexively headbutt those who attack you in melee.


Message History

A gnoll comes into view. It is wielding a +0 whip.
You barely miss the rat.
The gnoll shouts!
You block the rat's attack.
A gnoll comes into view. It is wielding a +0 halberd.
An adder comes into view.
The adder hisses angrily.
The rat bites you but does no damage. The gnoll hits you but does no damage.
You hit the gnoll but do no damage. Your headbutt misses the gnoll.
You slash the rat!
You kill the rat!
You slash the gnoll! The gnoll barely misses you. x2
You hit the gnoll.
You kill the gnoll!
You hit the gnoll. The gnoll hits you with a +0 whip!
You block the gnoll's attack.
You closely miss the gnoll. You hit the adder. You barely miss the gnoll.
The adder closely misses you. The gnoll barely misses you.
The gnoll hits you from afar with a +0 halberd!
The gnoll hits you but does no damage.
You barely miss the gnoll.
The gnoll is heavily wounded.
You hit the gnoll. You closely miss the adder.
The adder bites you but does no damage. The gnoll hits you with a +0 whip.
The gnoll hits you from afar with a +0 halberd.
The gnoll hits you with a +0 whip. The adder bites you.
You are too injured to fight recklessly!
You are too injured to fight recklessly!
You slash the adder! Your headbutt misses the adder.
The adder is almost dead.
You hit the gnoll but do no damage. You hit the gnoll.
The adder closely misses you. The gnoll closely misses you.
You furiously retaliate!
You headbutt the gnoll!
You kill the gnoll!
The gnoll barely misses you. The gnoll closely misses you.
The adder bites you but does no damage. You block the gnoll's attack.
The gnoll barely misses you.
You are too injured to fight recklessly!
You slash the adder!
You kill the adder!
You hit the gnoll. The gnoll closely misses you. x2
You have reached level 5!
The gnoll hits you with a +0 whip.
The gnoll hits you from afar with a +0 halberd.
* * * LOW HITPOINT WARNING * * *
Items here: ( )) †.
You hit the gnoll.
You kill the gnoll!
The gnoll hits you from afar with a +0 halberd!
You die...

#...........# ###
#...........#
+...........##########
#...........#.........
#.......$...#.........
#...........#.........
#...........#.........
#.............).......
#.............@.......
#.....................
#..............g......
.....................
########............
#..........##
############


You could see a gnoll.

Vanquished Creatures
  6 adders
  3 gnolls (D:3)
  2 dart slugs (D:2)
  A ribbon worm (D:2)
  9 ball pythons
  5 endoplasms
  A giant cockroach (D:1)
  9 goblins
  2 hobgoblins (D:1)
  2 quokkas
  8 bats
  A frilled lizard (D:1)
  4 kobolds
  10 rats
63 creatures vanquished.

Notes
Turn   | Place    | Note
-------+----------+-------------------------------------------
     0 | D:1      | shadowrider38 the Minotaur Fighter began the quest for the
                  | Orb.
     0 | D:1      | Reached XP level 1. HP: 19/19 MP: 0/0
   262 | D:1      | Reached XP level 2. HP: 27/27 MP: 1/1
   468 | D:1      | Reached skill level 3 in Axes
   981 | D:2      | Reached XP level 3. HP: 27/33 MP: 2/2
  1426 | D:2      | Reached XP level 4. HP: 37/40 MP: 3/3
  2026 | D:3      | Reached XP level 5. HP: 19/46 MP: 4/4
  2027 | D:3      | Slain by a gnoll

Illustrated notes

Levels and vault maps discovered:
D:1:      saegor_arrival_simple_c, layout_basic
D:2:      layout_rooms, serial_forest, infiniplex_forest_clump_large,
          infiniplex_forest_clump_long, infiniplex_forest_end_3,
          infiniplex_forest_end_3, infiniplex_forest_zigzag_1
D:3:      minmay_wonky_spiral, layout_basic, nicolae_twisty_statue_hallways

Skill      XL: |  1  2  3  4 |
---------------+-------------+-----
Axes           | 3 4 |  4.2
Fighting       | 4 |  4.3
Armour         | 4 |  4.3
Shields        | 4 |  4.2
Shapeshifting  | 1 |  1.2

Action                     |  1- 3 |  4- 6 || total
---------------------------+-------+-------++-------
  Melee: War axe           |   102 |    35 ||   137
         Headbutt          |    12 |     4 ||    16
 Armour: Scale mail        |    74 |    36 ||   110
  Dodge: Dodged            |    50 |    25 ||    75
  Block: Buckler           |    24 |     7 ||    31
